PIO (24 & UNDER)
SEATTLE RAINIERS @ JASPER COUGARS
08/03/2028
 
TOP OF THE 1ST
Seattle Rainiers batting - Pitching for Jasper Cougars : RHP Juan Arreola
Pitching: RHP Juan Arreola
Batting: LHB Quinn Webb 0-0: Ball
1-0: Called Strike
1-1: Ball
2-1: Foul Ball, location: 2F
2-2: Strikes out swinging
Batting: RHB Juan Hernández 0-0: Ball
1-0: Ball
2-0: Called Strike
2-1: Ground out 5-3 (Groundball, 5)
Batting: RHB Juan Bruno 0-0: SINGLE (Line Drive, 6D)
Batting: RHB Jeff Lawrence 0-0: Fly out, F2 (Popup, 15)
Top of the 1st over - 0 run(s), 1 hit(s), 0 error(s), 1 left on base; Seattle 0 - Jasper 0
BOTTOM OF THE 1ST
Jasper Cougars batting - Pitching for Seattle Rainiers : LHP Jeffrey Glass
Pitching: LHP Jeffrey Glass
Batting: RHB Juan Carlos 0-0: Ground out U3 (Groundball, 34)
Batting: RHB Ben Wilson 0-0: Foul Ball, location: 2F
0-1: Fly out, F5 (Line Drive, 5)
Batting: LHB Jon Rogers 0-0: Called Strike
0-1: Ground out 4-3 (Groundball, 4)
Bottom of the 1st over - 0 run(s), 0 hit(s), 0 error(s), 0 left on base; Seattle 0 - Jasper 0
TOP OF THE 2ND
Seattle Rainiers batting - Pitching for Jasper Cougars : RHP Juan Arreola
Batting: RHB Roberto Casas 0-0: Ball
1-0: Ball
2-0: Swinging Strike
2-1: Ball
3-1: Foul Ball, location: 2F
3-2: Strikes out swinging
Batting: SHB Troy Holland 0-0: Foul Ball, location: 2F
0-1: Swinging Strike
0-2: Strikes out swinging
Batting: RHB Richie Sawyer 0-0: Fly out, F9 (Flyball, 9)
Top of the 2nd over - 0 run(s), 0 hit(s), 0 error(s), 0 left on base; Seattle 0 - Jasper 0
BOTTOM OF THE 2ND
Jasper Cougars batting - Pitching for Seattle Rainiers : LHP Jeffrey Glass
Batting: RHB Bob Cole 0-0: Ball
1-0: Ball
2-0: Called Strike
2-1: Ball
3-1: SOLO HOME RUN (Flyball, 7LD), Distance : 334 ft
Batting: SHB Michael Miller 0-0: Foul Ball, location: 2F
0-1: Ball
1-1: Ball
2-1: Foul Ball, location: 2F
2-2: Ball
3-2: Base on Balls
Batting: LHB Darren Holland 0-0: Ball
1-0: Called Strike
1-1: Foul Ball, location: 2F
1-2: SINGLE (Line Drive, 6MD)
Michael Miller to second
Batting: RHB Charles Lewis 0-0: Ball
1-0: Ball
2-0: SINGLE (Groundball, 56D)
Michael Miller to third
Darren Holland to second
Runner from 3rd tries for Home, SAFE, no throw
Batting: RHB José Maldonado 0-0: Called Strike
Darren Holland steals 3rd base
Charles Lewis to second
0-1: Foul Ball, location: 2F
0-2: Ball
1-2: SINGLE (Groundball, 34D)
Darren Holland scores
Charles Lewis to third
Runner from 3rd tries for Home, SAFE, no throw
Batting: RHB Scott McGuire 0-0: Called Strike
0-1: Ball
1-1: Ball
2-1: SINGLE (Groundball, 4MD)
José Maldonado to second
Batting: RHB Juan Carlos 0-0: Called Strike
0-1: Foul Ball, location: 2F
0-2: DOUBLE (Flyball, 78M)
José Maldonado scores
Scott McGuire to third
Batting: RHB Ben Wilson 0-0: Swinging Strike
0-1: Foul Ball, location: 2F
0-2: Ground out 1-3 (Groundball, 13)
Batting: LHB Jon Rogers 0-0: Swinging Strike
0-1: Ball
1-1: Foul Ball, location: 2F
1-2: Strikes out swinging
Batting: RHB Bob Cole 0-0: Ball
1-0: Ball
2-0: Ground out 6-3 (Groundball, 6)
Bottom of the 2nd over - 5 run(s), 6 hit(s), 0 error(s), 2 left on base; Seattle 0 - Jasper 5
TOP OF THE 3RD
Seattle Rainiers batting - Pitching for Jasper Cougars : RHP Juan Arreola
Batting: RHB Roberto Valentín 0-0: Ball
1-0: Called Strike
1-1: Foul Ball, location: 2F
1-2: Strikes out swinging
Batting: LHB Duane Lemay 0-0: Ball
1-0: Foul Ball, location: 2F
1-1: Ground out 5-3 (Groundball, 2L)
Batting: LHB Quinn Webb 0-0: Foul Ball, location: 2F
0-1: Called Strike
0-2: Strikes out looking
Top of the 3rd over - 0 run(s), 0 hit(s), 0 error(s), 0 left on base; Seattle 0 - Jasper 5
BOTTOM OF THE 3RD
Jasper Cougars batting - Pitching for Seattle Rainiers : LHP Jeffrey Glass
Batting: SHB Michael Miller 0-0: SINGLE (Flyball, 8LS)
Batting: LHB Darren Holland 0-0: Ball
1-0: Swinging Strike
1-1: Foul Ball, location: 2F
1-2: Foul Ball, location: 2F
1-2: Foul Ball, location: 2F
1-2: Ball
2-2: 2-RUN HOME RUN (Flyball, 8RXD), Distance : 425 ft
Pitching: RHP Mark Owens
Batting: RHB Charles Lewis 0-0: Foul Ball, location: 2F
0-1: Ball
1-1: TRIPLE (Flyball, 9LS)
Batting: RHB José Maldonado 0-0: Called Strike
0-1: DOUBLE (Groundball, 5L)
Charles Lewis scores
Batting: RHB Scott McGuire 0-0: Called Strike
0-1: Called Strike
0-2: DOUBLE (Line Drive, 8RD)
José Maldonado scores
Batting: RHB Juan Carlos 0-0: Fly out, F8 (Line Drive, 8RM)
Batting: RHB Ben Wilson 0-0: Foul Ball, location: 2F
0-1: Ball
1-1: Foul Ball, location: 2F
1-2: Ball
2-2: Foul Ball, location: 2F
2-2: Strikes out swinging
Batting: LHB Jon Rogers 0-0: Swinging Strike
0-1: Ball
1-1: Ball
2-1: Ball
3-1: SINGLE (Flyball, 7S)
Scott McGuire to third
Runner from 3rd tries for Home, SAFE, no throw
Pitching: RHP Luis Orama
Batting: RHB Bob Cole 0-0: Ball
Jon Rogers steals 2nd base
1-0: Swinging Strike
1-1: Foul Ball, location: 2F
1-2: Ball
2-2: SINGLE (Groundball, 23) (infield hit)
Jon Rogers to third
Batting: SHB Michael Miller 0-0: Called Strike
0-1: Ball
1-1: Fly out, F4 (Line Drive, 4)
Bottom of the 3rd over - 5 run(s), 7 hit(s), 0 error(s), 2 left on base; Seattle 0 - Jasper 10
TOP OF THE 4TH
Seattle Rainiers batting - Pitching for Jasper Cougars : RHP Juan Arreola
Batting: RHB Juan Hernández 0-0: Ground out 4-3 (Groundball, 4S)
Batting: RHB Juan Bruno 0-0: Foul Ball, location: 2F
0-1: Ball
1-1: Ball
2-1: Ball
3-1: Called Strike
3-2: Base on Balls
Batting: RHB Jeff Lawrence 0-0: Foul Ball, location: 2F
0-1: Ball
1-1: Foul Ball, location: 2F
1-2: Ball
Juan Bruno steals 2nd base
2-2: Foul Ball, location: 2F
2-2: SINGLE (Groundball, 4S) (infield hit)
Juan Bruno to third
Batting: RHB Roberto Casas 0-0: Called Strike
0-1: Ball
1-1: Foul Ball, location: 2F
1-2: Ball
2-2: Ball
3-2: Foul Ball, location: 2F
3-2: Strikes out swinging
Batting: SHB Troy Holland 0-0: Called Strike
0-1: Foul Ball, location: 2F
0-2: Strikes out swinging
Top of the 4th over - 0 run(s), 1 hit(s), 0 error(s), 2 left on base; Seattle 0 - Jasper 10
BOTTOM OF THE 4TH
Jasper Cougars batting - Pitching for Seattle Rainiers : RHP Luis Orama
Batting: LHB Darren Holland 0-0: Ball
1-0: Called Strike
1-1: Foul Ball, location: 2F
1-2: Ball
2-2: Foul Ball, location: 2F
2-2: Ball
3-2: Base on Balls
Batting: RHB Charles Lewis 0-0: Ball
1-0: Ball
2-0: Fielders Choice at 2nd, 6-4 (Groundball, 6)
Batting: RHB José Maldonado 0-0: Reached on error, E1 (Groundball, 13S)
Charles Lewis to second
Batting: RHB Scott McGuire 0-0: Ball
1-0: Ball
2-0: Foul Ball, location: 2F
2-1: Ball
3-1: Called Strike
3-2: Base on Balls
Charles Lewis to third
José Maldonado to second
Batting: RHB Juan Carlos 0-0: Ball
1-0: Called Strike
1-1: Ball
2-1: Ball
3-1: Foul Ball, location: 2F
3-2: Foul Ball, location: 2F
3-2: Fly out, F4 (Line Drive, 34)
Batting: RHB Ben Wilson 0-0: Called Strike
0-1: Ball
1-1: Swinging Strike
1-2: Ball
2-2: Strikes out swinging
Bottom of the 4th over - 0 run(s), 0 hit(s), 1 error(s), 3 left on base; Seattle 0 - Jasper 10
TOP OF THE 5TH
Seattle Rainiers batting - Pitching for Jasper Cougars : RHP Juan Arreola
Batting: RHB Richie Sawyer 0-0: Called Strike
0-1: Ball
1-1: Fly out, F8 (Flyball, 8RD)
Batting: RHB Roberto Valentín 0-0: Fly out, F9 (Flyball, 9S)
Batting: LHB Duane Lemay 0-0: Foul Ball, location: 2F
0-1: Ball
1-1: Ground out U3 (Groundball, 3)
Top of the 5th over - 0 run(s), 0 hit(s), 0 error(s), 0 left on base; Seattle 0 - Jasper 10
BOTTOM OF THE 5TH
Jasper Cougars batting - Pitching for Seattle Rainiers : RHP Luis Orama
Batting: LHB Jon Rogers 0-0: Called Strike
0-1: Foul Ball, location: 2F
0-2: SOLO HOME RUN (Flyball, 89XD), Distance : 387 ft
Batting: RHB Bob Cole 0-0: Ball
1-0: Called Strike
1-1: Swinging Strike
1-2: Foul Ball, location: 2F
1-2: Fly out, F9 (Flyball, 89M)
Batting: SHB Michael Miller 0-0: Ball
1-0: Ball
2-0: Ball
3-0: Foul Ball, location: 2F
3-1: Foul Ball, location: 2F
3-2: Foul Ball, location: 2F
3-2: Strikes out looking
Batting: LHB Darren Holland 0-0: Ground out 4-3 (Groundball, 4)
Bottom of the 5th over - 1 run(s), 1 hit(s), 0 error(s), 0 left on base; Seattle 0 - Jasper 11
TOP OF THE 6TH
Seattle Rainiers batting - Pitching for Jasper Cougars : RHP Juan Arreola
Batting: LHB Quinn Webb 0-0: Called Strike
0-1: Ball
1-1: Ball
2-1: Ball
3-1: Ground out 4-3 (Groundball, 4)
Batting: RHB Juan Hernández 0-0: Called Strike
0-1: Foul Ball, location: 2F
0-2: Ball
1-2: Strikes out swinging
Batting: RHB Juan Bruno 0-0: Called Strike
0-1: Ball
1-1: Foul Ball, location: 2F
1-2: Fly out, F5 (Popup, 5L)
Top of the 6th over - 0 run(s), 0 hit(s), 0 error(s), 0 left on base; Seattle 0 - Jasper 11
BOTTOM OF THE 6TH
Jasper Cougars batting - Pitching for Seattle Rainiers : RHP Luis Orama
Pitching: RHP Adam Weaver
Batting: RHB Charles Lewis 0-0: Called Strike
0-1: Foul Ball, location: 2F
0-2: Ball
1-2: Fly out, F7 (Flyball, 7)
Batting: RHB José Maldonado 0-0: Ball
1-0: Called Strike
1-1: Foul Ball, location: 2F
1-2: Ball
2-2: Ball
3-2: Base on Balls
Batting: RHB Scott McGuire 0-0: Ball
1-0: SINGLE (Line Drive, 9LS)
José Maldonado to second
Batting: RHB Juan Carlos 0-0: Called Strike
0-1: Ball
1-1: Foul Ball, location: 2F
1-2: Ball
2-2: Fly out, F8 (Flyball, 8RXD)
Runner from 2nd tags up, SAFE at 3rd, no throw
Batting: RHB Ben Wilson 0-0: Called Strike
0-1: Ball
1-1: SINGLE (Line Drive, 78S)
José Maldonado scores
Scott McGuire to second
Batting: LHB Jon Rogers 0-0: Ball
1-0: Foul Ball, location: 2F
1-1: Ball
2-1: Ball
3-1: Called Strike
3-2: Foul Ball, location: 2F
3-2: SINGLE (Groundball, 23) (infield hit)
Scott McGuire to third
Ben Wilson to second
Batting: RHB Bob Cole 0-0: Swinging Strike
0-1: Ball
1-1: Foul Ball, location: 2F
1-2: Ball
2-2: Foul Ball, location: 2F
2-2: Ball
3-2: Fly out, F8 (Flyball, 8RM)
Bottom of the 6th over - 1 run(s), 3 hit(s), 0 error(s), 3 left on base; Seattle 0 - Jasper 12
TOP OF THE 7TH
Seattle Rainiers batting - Pitching for Jasper Cougars : RHP Juan Arreola
Batting: RHB Jeff Lawrence 0-0: Ball
1-0: Foul Ball, location: 2F
1-1: Called Strike
1-2: Ground out 5-3 (Groundball, 5S)
Batting: RHB Roberto Casas 0-0: Ball
1-0: Ground out 4-3 (Groundball, 4)
Batting: SHB Troy Holland 0-0: Ball
1-0: Called Strike
1-1: Ball
2-1: Ball
3-1: Fly out, F7 (Flyball, 7)
Top of the 7th over - 0 run(s), 0 hit(s), 0 error(s), 0 left on base; Seattle 0 - Jasper 12
BOTTOM OF THE 7TH
Jasper Cougars batting - Pitching for Seattle Rainiers : RHP Adam Weaver
Batting: SHB Michael Miller 0-0: Fly out, F7 (Flyball, 7LS)
Batting: LHB Darren Holland 0-0: Called Strike
0-1: Swinging Strike
0-2: Foul Ball, location: 2F
0-2: Foul Ball, location: 2F
0-2: Ball
1-2: Ball
2-2: Fly out, F7 (Flyball, 7D)
Batting: RHB Charles Lewis 0-0: SINGLE (Groundball, 6M) (infield hit)
Batting: RHB José Maldonado Balk!
Charles Lewis to second
0-0: Called Strike
0-1: Foul Ball, location: 2F
0-2: Ground out 1-3 (Groundball, P)
Bottom of the 7th over - 0 run(s), 1 hit(s), 0 error(s), 1 left on base; Seattle 0 - Jasper 12
TOP OF THE 8TH
Seattle Rainiers batting - Pitching for Jasper Cougars : RHP Juan Arreola
Pitching: RHP A.J. Wellman
Batting: RHB Richie Sawyer 0-0: Swinging Strike
0-1: Swinging Strike
0-2: Ball
1-2: Foul Ball, location: 2F
1-2: SINGLE (Groundball, P) (infield hit)
Batting: RHB Roberto Valentín 0-0: Ball
1-0: Foul Ball, location: 2F
1-1: Called Strike
1-2: Foul Ball, location: 2F
1-2: Strikes out swinging
Batting: LHB Duane Lemay 0-0: Called Strike
0-1: Ball
1-1: Ball
2-1: Ball
3-1: Base on Balls
Richie Sawyer to second
Batting: LHB Quinn Webb 0-0: Called Strike
0-1: Ground out U3 (Groundball, 34S)
Richie Sawyer to third
Duane Lemay to second
Batting: RHB Juan Hernández 0-0: Called Strike
0-1: Ball
1-1: Ground out 6-3 (Groundball, 6MD)
Top of the 8th over - 0 run(s), 1 hit(s), 0 error(s), 2 left on base; Seattle 0 - Jasper 12
BOTTOM OF THE 8TH
Jasper Cougars batting - Pitching for Seattle Rainiers : RHP Adam Weaver
Pinch Hitting: RHB Andrew Weatherly 0-0: Ball
1-0: Ball
2-0: Called Strike
2-1: Ball
3-1: Base on Balls
Pitching: RHP Eduardo Sánchez
Batting: RHB Juan Carlos 0-0: Ball
1-0: Ball
2-0: Foul Ball, location: 2F
2-1: Foul Ball, location: 2F
2-2: Strikes out looking
Batting: RHB Ben Wilson 0-0: Ball
1-0: Fly out, F7 (Flyball, 7S)
Batting: LHB Jon Rogers 0-0: Ball
1-0: Ball
2-0: Ball
3-0: Base on Balls
Andrew Weatherly to second
Batting: RHB Bob Cole 0-0: Foul Ball, location: 2F
0-1: Ball
1-1: SINGLE (Groundball, 56) (infield hit)
Andrew Weatherly to third
Jon Rogers to second
Batting: SHB Michael Miller 0-0: Called Strike
0-1: Called Strike
0-2: Ball
1-2: Ball
2-2: Foul Ball, location: 2F
2-2: Fly out, F8 (Line Drive, 8LM)
Bottom of the 8th over - 0 run(s), 1 hit(s), 0 error(s), 3 left on base; Seattle 0 - Jasper 12
TOP OF THE 9TH
Seattle Rainiers batting - Pitching for Jasper Cougars : RHP A.J. Wellman
Now at 1B: Andrew Weatherly
Batting: RHB Juan Bruno 0-0: Ball
1-0: Called Strike
1-1: Ball
2-1: Ball
3-1: Base on Balls
Batting: RHB Jeff Lawrence 0-0: Called Strike
0-1: Ball
Wild Pitch!
Juan Bruno to second
1-1: Swinging Strike
1-2: Strikes out swinging
Batting: RHB Roberto Casas 0-0: Called Strike
0-1: Called Strike
0-2: Ball
1-2: Strikes out swinging
Batting: SHB Troy Holland 0-0: Foul Ball, location: 2F
0-1: Ball
1-1: Swinging Strike
1-2: Strikes out swinging
Top of the 9th over - 0 run(s), 0 hit(s), 0 error(s), 1 left on base; Seattle 0 - Jasper 12
Tuesday, August 8th, 2017 - OOTP Baseball 17.12 Build 75